 Dungeon Crawl Stone Soup version 0.22.1-1-ga44c0e5 (webtiles) character file.

1484 HoaS the Skirmisher (level 8, -6/53 HPs)
             Began as a Gargoyle Fighter on Oct 7, 2018.
             Was an Initiate of Trog.
             Killed by divine providence
             ... invoked by an orc priest
              (12 damage)
             ... on level 7 of the Dungeon.
             The game lasted 00:20:27 (5232 turns).

HoaS the Skirmisher (Gargoyle Fighter)              Turns: 5232, Time: 00:20:28

Health: -6/53      AC: 20    Str: 23    XL:     8   Next: 79%
Magic:  8/8        EV:  5    Int:  8    God:    Trog [......]
Gold:   455        SH: 11    Dex:  9    Spells: 7/7 levels left

rFire    + . .     SeeInvis .   u - +0 morningstar
rCold    . . .     Gourm    .   c - +1 shield
rNeg     + . .     Faith    .   y - +0 plate armour
rPois    ∞         Spirit   .   l - +0 helmet
rElec    +         Reflect  .   (no cloak)
rCorr    .         Harm     .   z - +0 pair of gloves (curse)
MR       +....                  (no boots)
Stlth    ..........             m - amulet of rage
HPRegen  0.17/turn              k - ring of protection from fire
MPRegen  0.11/turn              v - ring of protection from magic

@: no status effects
A: negative energy resistance 1, electricity resistance, unbreathing,
petrification resistance, rot immunity, AC +5
a: Renounce Religion, Evoke Berserk Rage


You were on level 7 of the Dungeon.
You worshipped Trog.
Trog was noncommittal.
You were hungry.

You visited 1 branch of the dungeon, and saw 7 of its levels.

You collected 455 gold pieces.

Inventory:

Hand Weapons
 u - a +0 morningstar (weapon)
Armour
 c - a +1 shield (worn)
 l - a +0 helmet (worn)
 x - a +0 large shield
 y - a +0 plate armour (worn)
 z - a cursed +0 pair of gloves (worn)
Jewellery
 k - a ring of protection from fire (left hand)
 m - an amulet of rage (around neck)
 v - a ring of protection from magic (right hand)
Wands
 b - a wand of digging (8)
 o - a wand of paralysis (24)
 w - a wand of flame (13)
 C - a wand of disintegration (13)
Scrolls
 n - 8 scrolls of teleportation
 p - 2 scrolls of enchant armour
 s - a scroll of identify
 A - a scroll of remove curse
 D - 2 scrolls of magic mapping
Potions
 a - 3 potions of might
 d - a potion of resistance {unknown}
 e - 4 potions of mutation
 g - 2 potions of curing
 h - a potion of invisibility {unknown}
 i - 2 potions of degeneration {unknown}
 j - 2 potions of brilliance {unknown}
 q - a potion of flight {unknown}
 r - 3 potions of heal wounds
 t - a potion of haste {unknown}
 B - a potion of lignification {unknown}
 E - 2 potions of berserk rage {unknown}
Comestibles
 f - 9 rations


   Skills:
 * Level 7.2 Fighting
 * Level 6.8 Maces & Flails
 + Level 5.6 Armour
 + Level 5.6 Shields


You had 7 spell levels left.
You didn't know any spells.
Your spell library was empty.

Dungeon Overview and Level Annotations

Branches:
Dungeon (7/15)
 Temple: D:4-7

Altars:
Ashenzari
Dithmenos
Nemelex Xobeh
Ru
Trog
Uskayaw

Shops:
D:4 [


Innate Abilities, Weirdness & Mutations

You are resistant to torment.
Your stone body is resilient. (AC +5)
You are immune to poison.
You resist negative energy. (rN+)
You are resistant to electric shocks. (rElec)
You can survive without breathing.
You are immune to petrification.
You are immune to rotting.


Message History

You are too injured to fight recklessly!
You are too injured to fight recklessly!
You are too injured to fight recklessly!
The phantom blinks!
The orc priest mumbles some strange prayers to Beogh against you.
Beogh smites you!
The orc priest looks satisfied for a moment.
The orc priest miscasts a cantrip.
The orc priest invokes the aid of Beogh against you.
Beogh smites you!
* * * LOW HITPOINT WARNING * * *
A leopard gecko comes into view.
The leopard gecko hisses angrily.
The leopard gecko bites you but does no damage.
You block the leopard gecko's attack.
The leopard gecko bites you but does no damage.
You block the leopard gecko's attack.
The orc priest invokes the aid of Beogh against you.
Beogh smites you!
You die...

################
.........o.....##
#############..l##
#######.###@##
#.......# #..#
...#####.###..#
##...#.# .#
##.##.# #.# #.##.#
#.# #.##.# #.#
#.##.# #.# #....#


You could see an orc priest and a leopard gecko.

Vanquished Creatures
  Sigmund (D:2)
  Eustachio (D:6)
  A sky beast (D:7)
  An ogre (D:4)
  Blork the orc (D:5)
  2 bullfrogs (D:6)
  2 scorpions
  2 howler monkeys
  A crimson imp (D:6)
  A bullfrog zombie (D:6)
  3 orc priests (D:6)
  2 orc wizards (D:6)
  3 hounds
  Ijyb (D:5)
  An iguana (D:6)
  A worker ant (D:5)
  3 hound skeletons
  7 adders
  A river rat (D:6)
  A shadow imp (D:5)
  2 oozes
  An adder skeleton (D:6)
  4 worms
  3 dart slugs
  6 leopard geckos
  22 orcs
  4 bats
  8 giant cockroaches
  5 goblins
  10 hobgoblins
  3 jackals (D:3)
  12 kobolds
  4 quokkas
  3 ball pythons
  4 frilled lizards
  A quokka skeleton (D:4)
  8 rats
136 creatures vanquished.

Notes
Turn   | Place    | Note
-------+----------+-------------------------------------------
     0 | D:1      | HoaS the Gargoyle Fighter began the quest for the Orb.
     0 | D:1      | Reached XP level 1. HP: 14/14 MP: 1/1
    62 | D:1      | Reached XP level 2. HP: 15/19 MP: 2/2
   352 | D:1      | Reached XP level 3. HP: 23/23 MP: 3/3
   748 | D:2      | Reached XP level 4. HP: 27/29 MP: 4/4
  1045 | D:2      | Noticed Sigmund
  1057 | D:2      | Killed Sigmund
  1057 | D:2      | Reached skill level 4 in Fighting
  1057 | D:2      | Reached XP level 5. HP: 30/34 MP: 5/5
  1529 | D:3      | Reached XP level 6. HP: 38/39 MP: 6/6
  2391 | D:3      | Found a sparkling altar of Nemelex Xobeh.
  2505 | D:4      | Found Hucaluh's Armour Emporium.
  2651 | D:4      | Found a sacrificial altar of Ru.
  2660 | D:4      | Reached skill level 5 in Fighting
  2965 | D:4      | Reached skill level 5 in Maces & Flails
  2965 | D:4      | Reached XP level 7. HP: 39/44 MP: 7/7
  3022 | D:4      | Found a shattered altar of Ashenzari.
  3026 | D:4      | Saw a vision of the Shoals and the Spider Nest.
  3026 | D:4      | Noticed a merfolk siren
  3026 | D:4      | Noticed a merfolk siren
  3026 | D:4      | Noticed a merfolk
  3026 | D:4      | Noticed a hippogriff
  3026 | D:4      | Noticed a wolf spider
  3026 | D:4      | Noticed a redback
  3027 | D:4      | Noticed a merfolk
  3300 | D:5      | Entered Level 5 of the Dungeon
  3300 | D:5      | Found a hide-covered altar of Uskayaw.
  3319 | D:5      | Noticed Blork the orc
  3328 | D:5      | Killed Blork the orc
  3470 | D:5      | Noticed Ijyb
  3475 | D:5      | Paralysed by Ijyb for 7 turns
  3487 | D:5      | Paralysed by Ijyb for 2 turns
  3496 | D:5      | Killed Ijyb
  3613 | D:5      | Found a shadowy altar of Dithmenos.
  3639 | D:5      | Found a bloodstained altar of Trog.
  3955 | D:6      | Reached skill level 6 in Fighting
  4004 | D:6      | Reached skill level 5 in Shields
  4004 | D:6      | Reached XP level 8. HP: 44/51 MP: 8/8
  4013 | D:6      | Reached skill level 5 in Armour
  4315 | D:6      | Noticed Eustachio
  4334 | D:6      | Killed Eustachio
  4455 | D:6      | Reached skill level 7 in Fighting
  4976 | D:5      | Became a worshipper of Trog the Wrathful
  5232 | D:7      | Killed from afar by an orc priest

Skill      XL: |  1  2  3  4  5  6  7  8 |
---------------+-------------------------+-----
Maces & Flails | 3 4 5 6 |  6.8
Fighting       | 4 5 6 7 |  7.2
Shields        | 4 5 |  5.6
Armour         | 4 5 |  5.6

Action                   |  1- 3 |  4- 6 |  7- 9 || total
-------------------------+-------+-------+-------++-------
Melee: Flail             |    99 |   177 |       ||   276
       Morningstar       |       |    55 |   323 ||   378
  Use: Scroll            |     6 |     6 |     4 ||    16
       Potion            |       |     2 |       ||     2
  Eat: Chunk             |       |     6 |     5 ||    11
       Ration            |       |       |     1 ||     1
Armor: Scale mail        |    67 |    70 |       ||   137
       Chain mail        |       |    22 |       ||    22
       Plate armour      |       |     7 |   285 ||   292
Dodge: Dodged            |    38 |    48 |    80 ||   166
Block: Shield            |    67 |   127 |   200 ||   394
